 Dungeon Crawl Stone Soup version 0.29.0-4-gdea44cf6ec (webtiles) character file.

Game seed: 982217016164098280

9268 qw the Severer (level 11, -1/145 HPs)
             Began as a Minotaur Berserker on Sept 10, 2022.
             Was an Elder of Trog.
             Incinerated by a deep elf pyromancer (5 damage)
             ... with a sticky flame
             ... on level 11 of the Dungeon.
             The game lasted 00:03:40 (10414 turns).

qw the Severer (Minotaur Berserker)                Turns: 10414, Time: 00:03:40

Health: -1/145     AC: 17    Str: 21 (22) XL:     11   Next: 20%
Magic:  10/10      EV:  7    Int:  5 (8)  God:    Trog [****..]
Gold:   645        SH:  6    Dex: 11 (13) Spells: 10/10 levels left

rFire   x . .      SeeInvis +   r - +3 broad axe (flame)
rCold   + + +      Faith    .   b - +1 buckler of Fabes {rC+++ Regen+ rCorr Str-4}
rNeg    . . .      Spirit   .   f - +0 plate armour
rPois   .          Reflect  .   (helmet restricted)
rElec   .          Harm     .   w - +0 cloak
rCorr   +          Rampage  .   c - +1 pair of gloves
Will    .....                   (no boots)
Stlth   ..........              (no amulet)
HPRegen 1.14/turn               n - ring of see invisible
MPRegen 0.12/turn               t - ring of Wixao {Ice rCorr Int+4 Dex+3}

@: berserking, on fire, glowing, very quick
A: horns 2, retaliatory headbutt
a: Renounce Religion, Berserk, Trog's Hand, Brothers in Arms


You were on level 11 of the Dungeon.
You worshipped Trog.
Trog was greatly pleased with you.
You visited 1 branch of the dungeon, and saw 11 of its levels.

You collected 955 gold pieces.
You spent 310 gold pieces at shops.


Innate Abilities, Weirdness & Mutations

You have a pair of horns on your head.
You reflexively headbutt those who attack you in melee.


   Skills:
 - Level 9.0 Fighting
 - Level 16.2 Axes
 - Level 2.2 Throwing
 + Level 8.0 Armour
 - Level 3.3 Dodging
 - Level 6.0 Shields


You had 10 spell levels left.
You didn't know any spells.
Your spell library was empty.

Inventory:

Hand Weapons
 r - a +3 broad axe of flaming (weapon)
Armour
 b - the +1 buckler of Fabes (worn) {rC+++ Regen+ rCorr Str-4}
   (You acquired it on level 2 of the Dungeon)

   Str:       It affects your strength (-4).
   rC:        It renders you almost immune to cold.
   Regen:     It increases your rate of health regeneration.
   rCorr:     It protects you from acid and corrosion.
 c - a +1 pair of gloves (worn)
 f - a +0 plate armour (worn)
 w - a +0 cloak (worn)
Jewellery
 d - a ring of positive energy
 n - a ring of see invisible (left hand)
 t - the ring of Wixao (right hand) {Ice rCorr Int+4 Dex+3}
   (You found it on level 6 of the Dungeon)

   [ring of ice]

   It enhances your ice magic.
   Int:       It affects your intelligence (+4).
   Dex:       It affects your dexterity (+3).
   rF:        It makes you vulnerable to fire.
   rC:        It protects you from cold.
   rCorr:     It protects you from acid and corrosion.
 Y - a ring of willpower
Scrolls
 o - 6 scrolls of teleportation
 v - a scroll of identify
Potions
 a - 2 potions of heal wounds
 e - a potion of might
 g - 2 potions of curing
 h - a potion of berserk rage {unknown}
 i - a potion of haste {unknown}
 k - a potion of resistance {unknown}
 p - a potion of cancellation
 q - a potion of mutation {unknown}

Dungeon Overview and Level Annotations

Branches:
Dungeon (11/15)            Temple (0/1) D:6             Orc (0/2) D:10
   Lair: D:8-11

Altars:
Ashenzari
Cheibriados
Dithmenos
Fedhas
Gozag
Makhleb
Nemelex Xobeh
Okawaru
Sif Muna
Trog
Uskayaw
Zin
The Shining One

Shops:
D:3 !   D:4 *   D:10 (

Annotations:
D:11 1 transporter, Mimo's ghost, journeyman TrCA


Message History

You hit the fire elemental but do no damage.
You block the fire elemental's attack.
The deep elf pyromancer hits you with a +0 long sword.
The fire elemental hits you. The fire elemental burns you!
The fire burns you terribly! The fire elemental hits you.
The fire elemental burns you! The fire burns you terribly!
10410 ||| INVOKING Berserk.
A red film seems to cover your vision as you go berserk!
You feel yourself moving faster!
You feel mighty! The fire elemental barely misses you.
You block the fire elemental's attack. x2
The deep elf pyromancer points at you and mumbles some strange words.
The sticky flame hits you! The fire burns you terribly!
You are covered in liquid flames!
You closely miss the deep elf pyromancer.
The deep elf pyromancer is heavily wounded.
You slice the fire elemental!! You slash the fire elemental!
You closely miss the fire elemental.
You are covered in liquid flames!
You block the fire elemental's attack. The fire elemental hits you.
The fire elemental burns you! The fire burns you terribly!
The fire elemental hits you. The fire elemental burns you!
The fire burns you terribly!
You slash the fire elemental!
You destroy the fire elemental!
The fire elemental disappears in a puff of smoke!
You closely miss the fire elemental. You slash the deep elf pyromancer!
You burn the deep elf pyromancer.
You kill the deep elf pyromancer!
Trog accepts your kill.
Trog appreciates your killing of a magic user.
The fire elemental disappears in a puff of smoke! x2
You are covered in liquid flames!
You feel your dexterity returning.
Your Shields skill increases to level 6!
You are on fire!
You are covered in liquid flames!
You are on fire!
You feel a strong urge to attack something.
You are covered in liquid flames!
You die...

###########
#...:.....#
####^#######.# #
#.........##.# .#
#.##.####.##.###.#
#.##.#
#.....¤¤0####.
##.##.#
#.##..@)......
#.....#
#.#####..#####
#..#### #.# .....
#..# #(# #.####
#..# #.# .# #..#
#.# ..
#.<#######.# ##
#........ . #.
#.##..... .###..


There were no monsters in sight!

Vanquished Creatures
  A fire dragon (D:9)
  2 two-headed ogres
  An orange crystal statue (D:9)
  A deep elf pyromancer (D:11)
  An unseen horror (D:10)
  A troll (D:10)
  A hornet (D:9)
  A shadow (D:10)
  12 yaks
  2 wyverns
  2 steam dragons
  2 orc warriors
  2 black bears
  A sky beast (D:6)
  3 ice beasts
  2 ogres
  5 centaurs
  3 phantoms
  5 bullfrogs
  A necrophage (D:5)
  3 scorpions
  3 wights (D:7)
  Dowan (D:7)
  A troll skeleton (D:10)
  5 spriggan skeletons (D:10)
  3 howler monkeys
  3 hounds
  2 jellies (D:5)
  3 orc priests (D:9)
  An iron imp (D:5)
  Natasha (D:4)
  2 gnoll boudas
  2 iguanas
  5 orc wizards
  12 adders
  8 gnolls
  2 shadow imps
  A white imp (D:6)
  3 worms
  2 dart slugs
  19 orcs
  8 bats
  9 endoplasms
  7 giant cockroaches
  5 goblins
  8 hobgoblins
  8 jackals
  5 kobolds
  3 quokkas (D:2)
  10 ball pythons
  9 frilled lizards
  6 rats
209 creatures vanquished.

Notes
Turn   | Place    | Note
-------+----------+-------------------------------------------
     0 | D:1      | qw the Minotaur Berserker began the quest for the Orb.
     0 | D:1      | Reached XP level 1. HP: 19/19 MP: 0/0
     0 | D:1      | 0 ||| qw: Version: 0.1-a-116-g5d60599
     0 | D:1      | 0 ||| qw: Game counter: 7657
     0 | D:1      | 0 ||| qw: Always use a shield: true
     0 | D:1      | 0 ||| qw: Do Orc after D:15 true
     0 | D:1      | 0 ||| qw: Do second Lair branch before Depths: true
     0 | D:1      | 0 ||| qw: Lair rune preference: random
     0 | D:1      | 0 ||| qw: Plans: Normal
     0 | D:1      | 0 ||| PLANNING D:1-11
    68 | D:1      | Reached skill level 4 in Axes
   140 | D:1      | Reached XP level 2. HP: 25/26 MP: 1/1
   545 | D:1      | Reached skill level 5 in Axes
   581 | D:1      | 581 ||| DROPPING +0 club.
   691 | D:1      | Reached ** piety under Trog
   722 | D:1      | Reached XP level 3. HP: 31/31 MP: 2/2
   798 | D:1      | 798 ||| UPGRADING to +0 leather armour.
   808 | D:1      | 808 ||| DROPPING +0 animal skin.
   809 | D:1      | 809 ||| UPGRADING to +0 ring mail.
   819 | D:1      | 819 ||| DROPPING +0 leather armour.
   820 | D:1      | 820 ||| UPGRADING to ring of positive energy.
   821 | D:1      | 821 ||| READING scroll labelled CAHUNLOULI.
   822 | D:1      | 822 ||| READING 2 scrolls labelled KEOTOS AJUER.
   823 | D:1      | 823 ||| READING scroll labelled DOKLUPSY GAAC.
   824 | D:1      | 824 ||| READING scroll labelled SYJENL DUCUAGG.
   825 | D:1      | 825 ||| DROPPING scroll of blinking.
   857 | D:2      | 857 ||| READING scroll of enchant weapon.
   857 | D:2      | 857 ||| ENCHANTING +1 hand axe.
   921 | D:2      | 921 ||| INVOKING Berserk.
  1075 | D:2      | Found a glowing silver altar of Zin.
  1133 | D:2      | 1133 ||| INVOKING Berserk.
  1139 | D:2      | Reached skill level 6 in Axes
  1139 | D:2      | Reached XP level 4. HP: 39/39 MP: 3/3
  1888 | D:2      | 1888 ||| DROPPING orb of guile.
  1889 | D:2      | 1889 ||| UPGRADING to +0 pair of gloves.
  1894 | D:2      | 1894 ||| UPGRADING to +0 scale mail.
  1904 | D:2      | 1904 ||| DROPPING +0 ring mail.
  1905 | D:2      | 1905 ||| UPGRADING to ring of willpower.
  1906 | D:2      | 1906 ||| UPGRADING to +6 ring of intelligence.
  1908 | D:2      | 1908 ||| READING scroll labelled COSUFO CAAZAUSH.
  1908 | D:2      | Identified a scroll of acquirement
  1908 | D:2      | 1908 ||| ACQUIRING +1 buckler of Fabes {rC+++ Regen+ rCorr
                  | Str-4}
  1908 | D:2      | Acquired the +1 buckler of Fabes {rC+++ Regen+ rCorr Str-4}
  1910 | D:2      | 1910 ||| UPGRADING to +1 buckler of Fabes {rC+++ Regen+
                  | rCorr Str-4}.
  1915 | D:2      | 1915 ||| READING scroll labelled XOSSOR TIRRING.
  1916 | D:2      | 1916 ||| READING scroll labelled XEMINA APNO.
  1917 | D:2      | 1917 ||| READING scroll labelled VYSASS XIW EWO.
  1918 | D:2      | 1918 ||| READING scroll labelled OJURGH RANA.
  1919 | D:2      | 1919 ||| Stepping randomly (stuck).
  1920 | D:2      | 1920 ||| Stepping ~*~*~tactically~*~*~ (cloud).
  2013 | D:3      | Found a faded altar of an unknown god.
  2026 | D:3      | Reached skill level 1 in Shields
  2042 | D:3      | Found Gosos's Distillery.
  2044 | D:3      | 2044 ||| Stepping ~*~*~tactically~*~*~ (hiding).
  2060 | D:3      | 2060 ||| Stepping ~*~*~tactically~*~*~ (stealth).
  2062 | D:3      | 2062 ||| BUYING 2 potions of curing (66 gold).
  2062 | D:3      | Bought 2 potions of curing for 66 gold pieces
  2062 | D:3      | 2062 ||| BUYING potion of curing (33 gold).
  2062 | D:3      | Bought a potion of curing for 33 gold pieces
  2062 | D:3      | 2062 ||| SHOPLISTING potion of curing (33 gold, have 28).
  2062 | D:3      | 2062 ||| SHOPLISTING potion of haste (110 gold, have 28).
  2062 | D:3      | 2062 ||| SHOPLISTING potion of heal wounds (55 gold, have
                  | 28).
  2062 | D:3      | 2062 ||| SHOPLISTING potion of mutation (88 gold, have 28).
  2093 | D:3      | Identified the +0 scale mail of Leapfrog {Str+3}
  2172 | D:3      | 2172 ||| Stepping ~*~*~tactically~*~*~ (stealth).
  2182 | D:3      | Reached XP level 5. HP: 45/45 MP: 4/4
  2229 | D:3      | 2229 ||| Stepping ~*~*~tactically~*~*~ (stealth).
  2392 | D:3      | Reached *** piety under Trog
  2393 | D:3      | Reached skill level 1 in Throwing
  2485 | D:3      | 2485 ||| READING scroll of enchant armour.
  2485 | D:3      | 2485 ||| ENCHANTING +0 pair of gloves.
  2567 | D:3      | 2567 ||| UPGRADING to +0 scale mail of Leapfrog {Str+3}.
  2577 | D:3      | 2577 ||| DROPPING +0 scale mail.
  2578 | D:3      | 2578 ||| READING scroll labelled HUTEOG ICUDGH.
  2579 | D:3      | 2579 ||| READING scroll labelled ECAOHO JUNNOTU.
  2583 | D:3      | 2583 ||| DRINKING 2 silvery potions.
  2617 | D:4      | Noticed a phantom
  2619 | D:4      | 2619 ||| Stepping ~*~*~tactically~*~*~ (stealth).
  2623 | D:4      | 2623 ||| Stepping ~*~*~tactically~*~*~ (stealth).
  2632 | D:4      | 2632 ||| Stepping ~*~*~tactically~*~*~ (stealth).
  2635 | D:4      | Killed a phantom
  2636 | D:4      | Reached skill level 7 in Axes
  2687 | D:4      | Found a glowing silver altar of Zin.
  2769 | D:4      | Reached XP level 6. HP: 52/52 MP: 5/5
  2975 | D:4      | Found Gozag's Platinum Reserve.
  2991 | D:4      | 2991 ||| Stepping ~*~*~tactically~*~*~ (hiding).
  2996 | D:4      | 2996 ||| INVOKING Berserk.
  3007 | D:4      | Reached skill level 8 in Axes
  3148 | D:4      | 3148 ||| INVOKING Berserk.
  3152 | D:4      | Reached XP level 7. HP: 59/59 MP: 6/6
  3305 | D:4      | Found an opulent altar of Gozag.
  3319 | D:4      | 3319 ||| SHOPLISTING +1 cloak of Modesty {-Cast Str+6}
                  | (2210 gold, have 175).
  3319 | D:4      | 3319 ||| SHOPLISTING ring of Symmetry {Str+6 Dex+3} (4930
                  | gold, have 175).
  3476 | D:4      | Reached skill level 9 in Axes
  3487 | D:4      | 3487 ||| Stepping ~*~*~tactically~*~*~ (stealth).
  3518 | D:4      | Noticed Natasha
  3521 | D:4      | 3521 ||| INVOKING Berserk.
  3530 | D:4      | Killed Natasha
  3531 | D:4      | Reached skill level 3 in Shields
  3687 | D:4      | Found a glowing golden altar of the Shining One.
  3743 | D:4      | 3743 ||| UPGRADING to ring of see invisible.
  3745 | D:4      | 3745 ||| DROPPING +6 ring of intelligence.
  3746 | D:4      | 3746 ||| READING scroll labelled SESCHO ZUAZYOM.
  3747 | D:4      | 3747 ||| DRINKING 2 green potions.
  3810 | D:3      | 3810 ||| DROPPING +0 whip.
  3815 | D:3      | 3815 ||| DROPPING +1 hammer of draining.
  3861 | D:5      | Entered Level 5 of the Dungeon
  3893 | D:5      | 3893 ||| INVOKING Berserk.
  3956 | D:5      | 3956 ||| INVOKING Berserk.
  4064 | D:5      | 4064 ||| DROPPING +1 hammer of protection.
  4092 | D:5      | Found a broken altar of Ashenzari.
  4148 | D:5      | 4148 ||| INVOKING Berserk.
  4151 | D:5      | Reached skill level 10 in Axes
  4331 | D:5      | Found a snail-covered altar of Cheibriados.
  4381 | D:5      | Reached XP level 8. HP: 67/70 MP: 7/7
  4452 | D:5      | 4452 ||| READING scroll of enchant weapon.
  4452 | D:5      | 4452 ||| ENCHANTING +2 hand axe.
  4499 | D:5      | Reached skill level 6 in Fighting
  4680 | D:5      | 4680 ||| UPGRADING to +0 cloak.
  4685 | D:5      | 4685 ||| DROPPING amulet of magic regeneration.
  4686 | D:5      | 4686 ||| READING scroll labelled GAGERA BETUDGH.
  4699 | D:6      | Reached skill level 3 in Armour
  4723 | D:6      | Found a staircase to the Ecumenical Temple.
  5209 | D:6      | Reached skill level 11 in Axes
  5238 | D:6      | Identified the ring of Wixao {Ice rCorr Int+4 Dex+3}
  5244 | D:6      | Found a burning altar of Makhleb.
  5244 | D:6      | Noticed a blizzard demon
  5247 | D:6      | Noticed a hellwing
  5247 | D:6      | Noticed a hellwing
  5268 | D:6      | 5268 ||| DRINKING 2 metallic dark potions.
  5269 | D:6      | 5269 ||| DRINKING 2 cyan potions.
  5300 | D:6      | 5300 ||| DROPPING potion of brilliance.
  5301 | D:6      | 5301 ||| DROPPING potion of lignification.
  5408 | D:7      | Found a bloodstained altar of Trog.
  5447 | D:7      | 5447 ||| Stepping ~*~*~tactically~*~*~ (hiding).
  5451 | D:7      | 5451 ||| INVOKING Berserk.
  5670 | D:7      | 5670 ||| SWAPPING to +0 war axe.
  5684 | D:7      | 5684 ||| DROPPING +3 hand axe.
  5707 | D:7      | 5707 ||| Stepping ~*~*~tactically~*~*~ (stealth).
  5859 | D:7      | Reached skill level 12 in Axes
  5859 | D:7      | Reached XP level 9. HP: 75/75 MP: 8/8
  5877 | D:7      | 5877 ||| DROPPING +0 flail.
  6081 | D:7      | Noticed Dowan
  6082 | D:7      | 6082 ||| Stepping ~*~*~tactically~*~*~ (hiding).
  6086 | D:7      | 6086 ||| INVOKING Berserk.
  6094 | D:7      | Killed Dowan
  6363 | D:7      | 6363 ||| READING 2 scrolls of identify.
  6363 | D:7      | 6363 ||| IDENTIFYING bubbling inky potion
  6364 | D:7      | 6364 ||| DROPPING potion of invisibility.
  6446 | D:8      | Found a shadowy altar of Dithmenos.
  6450 | D:8      | Found a hide-covered altar of Uskayaw.
  6456 | D:8      | 6456 ||| INVOKING Berserk.
  6702 | D:8      | 6702 ||| Stepping ~*~*~tactically~*~*~ (stealth).
  6703 | D:8      | 6703 ||| Stepping ~*~*~tactically~*~*~ (stealth).
  6707 | D:8      | 6707 ||| Stepping ~*~*~tactically~*~*~ (hiding).
  6716 | D:8      | 6716 ||| Stepping ~*~*~tactically~*~*~ (stealth).
  6746 | D:8      | 6746 ||| Stepping ~*~*~tactically~*~*~ (hiding).
  6811 | D:8      | Found an iron altar of Okawaru.
  6914 | D:8      | Noticed a two-headed ogre
  6915 | D:8      | 6915 ||| INVOKING Berserk.
  6921 | D:8      | Killed a two-headed ogre
  6922 | D:8      | Reached skill level 13 in Axes
  6929 | D:8      | Reached skill level 3 in Dodging
  6943 | D:8      | 6943 ||| Stepping ~*~*~tactically~*~*~ (stealth).
  6974 | D:8      | 6974 ||| Stepping ~*~*~tactically~*~*~ (stealth).
  6975 | D:8      | 6975 ||| Stepping ~*~*~tactically~*~*~ (stealth).
  7003 | D:8      | 7003 ||| Stepping ~*~*~tactically~*~*~ (stealth).
  7005 | D:8      | 7005 ||| INVOKING Berserk.
  7205 | D:8      | Found a shimmering blue altar of Sif Muna.
  7445 | D:8      | 7445 ||| DROPPING ring of flight.
  7446 | D:8      | 7446 ||| READING scroll labelled CERUIN QISCH.
  7564 | D:9      | Found a sparkling altar of Nemelex Xobeh.
  7570 | D:9      | 7570 ||| Stepping ~*~*~tactically~*~*~ (hiding).
  7573 | D:9      | 7573 ||| Stepping ~*~*~tactically~*~*~ (hiding).
  7659 | D:9      | Found a blossoming altar of Fedhas.
  7663 | D:9      | 7663 ||| Stepping ~*~*~tactically~*~*~ (stealth).
  7664 | D:9      | 7664 ||| Stepping ~*~*~tactically~*~*~ (stealth).
  7666 | D:9      | 7666 ||| Stepping ~*~*~tactically~*~*~ (stealth).
  7677 | D:9      | 7677 ||| INVOKING Berserk.
  7687 | D:9      | Reached XP level 10. HP: 88/88 MP: 9/9
  7837 | D:9      | 7837 ||| Stepping ~*~*~tactically~*~*~ (hiding).
  7842 | D:9      | Reached **** piety under Trog
  7849 | D:9      | Reached skill level 14 in Axes
  7962 | D:9      | Noticed an orange crystal statue
  7963 | D:9      | 7963 ||| INVOKING Brothers in Arms.
  7993 | D:9      | 7993 ||| DRINKING 5 potions of curing.
  7993 | D:9      | 7993 ||| (to cure confusion)
  8000 | D:9      | 8000 ||| DRINKING 4 potions of curing.
  8000 | D:9      | 8000 ||| (to cure confusion)
  8017 | D:9      | 8017 ||| DRINKING 3 potions of curing.
  8017 | D:9      | 8017 ||| (to cure confusion)
  8031 | D:9      | 8031 ||| INVOKING Berserk.
  8043 | D:9      | Killed an orange crystal statue
  8116 | D:9      | 8116 ||| INVOKING Berserk.
  8272 | D:9      | 8272 ||| Stepping ~*~*~tactically~*~*~ (stealth).
  8274 | D:9      | 8274 ||| Stepping ~*~*~tactically~*~*~ (stealth).
  8277 | D:9      | 8277 ||| Stepping ~*~*~tactically~*~*~ (stealth).
  8285 | D:9      | Reached skill level 15 in Axes
  8297 | D:9      | Reached skill level 9 in Fighting
  8354 | D:9      | 8354 ||| Stepping ~*~*~tactically~*~*~ (cloud).
  8357 | D:9      | 8357 ||| INVOKING Berserk.
  8697 | D:9      | Noticed a fire dragon
  8700 | D:9      | 8700 ||| INVOKING Berserk.
  8717 | D:9      | Killed a fire dragon
  8919 | D:9      | 8919 ||| UPGRADING to +0 plate armour.
  8929 | D:9      | 8929 ||| DROPPING +0 scale mail of Leapfrog {Str+3}.
  8930 | D:9      | 8930 ||| READING scroll labelled BUPHIRAPOA.
  8931 | D:9      | 8931 ||| DROPPING potion of flight.
  8936 | D:10     | Entered Level 10 of the Dungeon
  9143 | D:10     | 9143 ||| Stepping ~*~*~tactically~*~*~ (hiding).
  9146 | D:10     | 9146 ||| Stepping ~*~*~tactically~*~*~ (hiding).
  9147 | D:10     | 9147 ||| Stepping ~*~*~tactically~*~*~ (hiding).
  9261 | D:10     | Identified the +7 short sword of Ithiguatre {freeze, Will+}
  9378 | D:10     | 9378 ||| INVOKING Berserk.
  9379 | D:10     | Found Zibu's Weapon Emporium.
  9491 | D:10     | Found a staircase to the Orcish Mines.
  9510 | D:10     | Reached skill level 6 in Armour
  9527 | D:10     | 9527 ||| BUYING +2 broad axe of freezing (211 gold).
  9527 | D:10     | Bought a +2 broad axe of freezing for 211 gold pieces
  9527 | D:10     | 9527 ||| SWAPPING to +2 broad axe of freezing.
  9528 | D:10     | 9528 ||| DROPPING +0 war axe.
  9554 | D:10     | 9554 ||| INVOKING Berserk.
  9673 | D:10     | 9673 ||| READING scroll of enchant weapon.
  9673 | D:10     | 9673 ||| ENCHANTING +2 broad axe of freezing.
  9686 | D:10     | 9686 ||| Stepping ~*~*~tactically~*~*~ (stealth).
  9699 | D:10     | 9699 ||| Stepping ~*~*~tactically~*~*~ (stealth).
 10116 | D:10     | 10116 ||| READING scroll labelled TIRYASS LUEBB.
 10117 | D:10     | 10117 ||| DROPPING +2 flail.
 10118 | D:10     | 10118 ||| DRINKING 2 smoky blue potions.
 10119 | D:10     | 10119 ||| UPGRADING to ring of Wixao {Ice rCorr Int+4
                  | Dex+3}.
 10121 | D:10     | 10121 ||| DROPPING potion of degeneration.
 10156 | D:11     | 10156 ||| Stepping ~*~*~tactically~*~*~ (stealth).
 10166 | D:11     | Reached XP level 11. HP: 84/97 MP: 10/10
 10166 | D:11     | 10166 ||| FLEEEEING.
 10167 | D:11     | 10167 ||| STAIRDANCE
 10180 | D:11     | 10180 ||| STAIRDANCE
 10189 | D:11     | Noticed a two-headed ogre
 10190 | D:11     | 10190 ||| STAIRDANCE
 10197 | D:11     | 10197 ||| STAIRDANCE
 10203 | D:11     | 10203 ||| INVOKING Berserk.
 10208 | D:11     | Killed a two-headed ogre
 10209 | D:11     | Reached skill level 16 in Axes
 10209 | D:11     | 10209 ||| STAIRDANCE
 10343 | D:11     | Found a transporter.
 10347 | D:11     | Noticed Mimo's ghost (journeyman TrCA)
 10398 | D:11     | Noticed a deep elf pyromancer
 10399 | D:11     | 10399 ||| Stepping ~*~*~tactically~*~*~ (hiding).
 10410 | D:11     | 10410 ||| INVOKING Berserk.
 10411 | D:11     | HP: 33/145 [burnt (5)]
 10411 | D:11     | HP: 7/145 [fire elemental[a deep elf pyromancer] (10)]
 10412 | D:11     | Killed a deep elf pyromancer
 10413 | D:11     | Reached skill level 6 in Shields
 10413 | D:11     | HP: 3/145 [burnt (4)]
 10414 | D:11     | Incinerated by a deep elf pyromancer

Levels and vault maps discovered:
D:1:      enne_arrival_octagon_isle, layout_basic
D:2:      layout_basic, basic_altar, kennysheep_generic_room_13
D:3:      minmay_recursive_quarters, layout_rooms, ebering_ecumenical_altar_box,
          serial_shops, nicolae_shop_competitors_out_of_business,
          uniq_crazy_yiuf_cottage
D:4:      layout_cave_pods, nicolae_gozag_zags_fifth_avenue,
          lemuel_coloured_pillars_altar, lemuel_doored_altar, uniq_natasha
D:5:      layout_rooms, mainiacjoe_overflow_boulevard, slow_altar_2,
          minmay_liquid_box
D:6:      layout_basic, makhleb_altar_promises_db, minmay_temple_entry_wispy,
          serial_glass, glass_columns_a, glass_columns_a
D:7:      layout_loops_corners, mainiacjoe_overflow_surrounded_room,
          uniq_duvessa
D:8:      layout_loops_ring, led_sif_book, okawaru_metal_pillars_1_2,
          grunt_temple_overflow_open, minmay_bent
D:9:      dragon1_lemuel, layout_small_grid, nemelex_xobeh_ov_fountains_minmay,
          mainiacjoe_overflow_concentric_impassable, kennysheep_cross_room,
          minmay_statue_bubble
D:10:     layout_grid_maze, orc_david_3, hangedman_tell_no_tales
D:11:     layout_loops_ring, erik_lair_orcish_takeover,
          gammafunk_ghost_stat_death, minmay_misc_feat_roman

Skill      XL: |  1  2  3  4  5  6  7  8  9 10 11 |
---------------+----------------------------------+-----
Axes           | 4 5 6 7 8 10 12 13 15 16 | 16.2
Shields        | 1 2 3 4 5 6 |  6.0
Throwing       | 1 2 |  2.2
Fighting       | 4 5 6 8 9 |  9.0
Armour         | 3 4 8 |  8.0
Dodging        | 3 |  3.3

Action                   |  1- 3 |  4- 6 |  7- 9 | 10-12 || total
-------------------------+-------+-------+-------+-------++-------
Melee: Hand axe          |    80 |   137 |   124 |       ||   341
       Headbutt          |    12 |    18 |    36 |    44 ||   110
       Punch             |       |     1 |       |       ||     1
       War axe           |       |       |   110 |   143 ||   253
       Broad axe         |       |       |       |    78 ||    78
Throw: Javelin           |       |    19 |    20 |       ||    39
       Boomerang         |       |       |       |     4 ||     4
Invok: Berserk           |     2 |     2 |    10 |     8 ||    22
       Brothers in Arms  |       |       |       |     1 ||     1
  Use: Scroll            |     5 |     8 |     5 |     3 ||    21
       Potion            |       |     1 |     3 |     4 ||     8
Armor: Animal skin       |    13 |       |       |       ||    13
       Ring mail         |     4 |     7 |       |       ||    11
       Scale mail        |       |    36 |    63 |    35 ||   134
       Plate armour      |       |       |       |    43 ||    43
Dodge: Dodged            |    57 |    51 |    76 |    73 ||   257
Block: Buckler           |       |    23 |    46 |    44 ||   113

Table legend:
 A = Non-vault XP
 B = Vault XP
 C = Vault XP percentage of total XP
 D = Non-vault monster count
 E = Vault monster count
 F = Vault count percentage of total count
                 A         B        C        D         E       F
            +---------+---------+-------+---------+---------+-------
      Total |    9243 |    3998 |  30.2 |     175 |      34 |  16.3
            +---------+---------+-------+---------+---------+-------
        D:1 |      46 |       0 |   0.0 |      29 |       0 |   0.0
        D:2 |     105 |       2 |   1.9 |      21 |       1 |   4.5
        D:3 |      95 |      18 |  15.9 |      19 |      11 |  36.7
        D:4 |     582 |      37 |   6.0 |      28 |       1 |   3.4
        D:5 |     581 |      39 |   6.3 |      13 |       1 |   7.1
        D:6 |     800 |       0 |   0.0 |      10 |       0 |   0.0
        D:7 |     581 |      69 |  10.6 |       8 |       1 |  11.1
        D:8 |     848 |    1403 |  62.3 |      15 |       7 |  31.8
        D:9 |    2247 |    1552 |  40.9 |      19 |       2 |   9.5
       D:10 |    1546 |     878 |  36.2 |       9 |      10 |  52.6
       D:11 |    1812 |       0 |   0.0 |       4 |       0 |   0.0
            +---------+---------+-------+---------+---------+-------
